 Dungeon Crawl Stone Soup version 0.31.0-9-g3a7656b989 (webtiles) character file.

Game seed: 8263430256849167103

658 qw the Skirmisher (level 7, -6/40 HPs)
             Began as a Deep Elf Hunter on Feb 2, 2024.
             Was an Initiate of Okawaru.
             Mangled by a gnoll
             ... wielding a +0 spear
             ... led by a gnoll bouda
              (8 damage)
             ... on level 5 of the Dungeon.
             The game lasted 00:00:15 (3222 turns).

qw the Skirmisher (Deep Elf Hunter)                 Turns: 3222, Time: 00:00:15

Health: -6/40      AC:  7    Str: 10    XL:     7   Next: 30%
Magic:  9/9        EV: 16    Int: 14    God:    Okawaru [......]
Gold:   184        SH:  0    Dex: 18    Spells: 6/6 levels left

rFire   . . .        a - +0 shortbow
rCold   . . .        (shield currently unavailable)
rNeg    . . .        c - +0 ring mail of the Gusle {Rampage rPois}
rPois   +            (no helmet)
rElec   .            (no cloak)
rCorr   .            j - +1 pair of gloves
SInv    .            (no boots)
Will    .....        (no amulet)
Stlth   +            d - +4 ring of slaying {mikee}
HPRegen 0.26/turn    f - +5 ring of evasion
MPRegen 0.11/turn

%: rampage
@: no status effects
A: no striking features
a: Renounce Religion


You were on level 5 of the Dungeon.
You worshipped Okawaru.
Okawaru was noncommittal.
You visited 2 branches of the dungeon, and saw 6 of its levels.

You collected 184 gold pieces.


   Skills:
 - Level 2.0 Fighting
 + Level 11.0 Ranged Weapons
 - Level 1.3 Armour
 - Level 3.0 Dodging
 - Level 1.2 Stealth


You had 6 spell levels left.
You didn't know any spells.
Your spell library was empty.

Inventory:

Hand Weapons
 a - a +0 shortbow (weapon)
Armour
 b - the scarf of Action {+Inv, rC- rCorr Stlth+}
   (You found it on level 4 of the Dungeon)

   rC-:       It makes you vulnerable to cold.
   rCorr:     It protects you from acid and corrosion.
   Stlth+:    It makes you more stealthy.
 c - the +0 ring mail of the Gusle (worn) {Rampage rPois}
   (You found it on level 5 of the Dungeon)

   rPois:     It protects you from poison Rampage: It bestows one free step when
   moving towards enemies.
 j - a +1 pair of gloves (worn)
Jewellery
 d - a +4 ring of slaying (left hand) {mikee}
 f - a +5 ring of evasion (right hand)
Scrolls
 g - a scroll of brand weapon {unknown}
 h - a scroll of identify

Dungeon Overview and Level Annotations

Branches:
Dungeon (5/15)             Temple (1/1) D:5

Altars:
Ashenzari
Cheibriados
Gozag
Kikubaaqudgha
Makhleb
Nemelex Xobeh
Okawaru
Vehumet
The Shining One


Message History

The gnoll hits you but does no damage. The gnoll completely misses you.
The gnoll hits you with a +0 club.
You shoot an arrow. The arrow barely misses the gnoll.
The gnoll hits you but does no damage. The gnoll misses you.
The gnoll closely misses you.
You shoot an arrow. The arrow hits the gnoll.
The gnoll is heavily wounded.
The gnoll closely misses you.
The gnoll hits you from afar with a +0 spear.
The gnoll closely misses you.
You shoot an arrow. The arrow hits the gnoll.
The gnoll is heavily wounded.
The gnoll closely misses you. The gnoll hits you with a +0 club.
The gnoll hits you from afar with a +0 spear.
You shoot an arrow. The arrow closely misses the gnoll.
The gnoll hits you with a +0 whip. The gnoll closely misses you.
The gnoll hits you from afar with a +0 spear.
You shoot an arrow. The arrow barely misses the gnoll.
The gnoll hits you with a +0 whip. The gnoll barely misses you.
The gnoll hits you with a +0 club.
You shoot an arrow. The arrow hits the gnoll.
The gnoll is almost dead.
The gnoll barely misses you. x2; The gnoll hits you but does no damage.
You shoot an arrow. The arrow hits the gnoll.
You kill the gnoll!
Okawaru accepts your kill. The gnoll closely misses you.
The gnoll hits you from afar with a +0 spear.
You shoot an arrow.
The arrow hits the gnoll but does no damage.
The gnoll misses you. The gnoll closely misses you.
You shoot an arrow. The arrow hits the gnoll.
The gnoll is moderately wounded.
The gnoll barely misses you. The gnoll hits you but does no damage.
You shoot an arrow. The arrow barely misses the gnoll.
The gnoll barely misses you. The gnoll misses you.
You shoot an arrow. The arrow hits the gnoll.
The gnoll is heavily wounded.
The gnoll hits you from afar with a +0 spear!
You die...

#...###.....................#....
#...##..#......#####....#.......#
#......##......#####....#.....}.#
...>....................#.......#
..#.#######.#.......###.#...#....
..#.#######.#.##....# #.#...##...
.......#....#.##....###.#....#...
..#....#....#.##.....##.#....##.<
}.#...........#.@..#..#.#:....#..
..###.......###g)..##.#.#.....###
........###.###g###>..#.########.
>..}....# #.#..).##.#............
........# #.#....##.#............
..###...# #.#....##.#............
}.# ..### #.###.## .#.....#######
..#...# #<# #.. #.#.#..######
......# ### ###. ###.##......#


You could see 2 gnolls.

Vanquished Creatures
  An ogre (D:4)
  A bullfrog (D:5)
  A scorpion (D:4)
  A bombardier beetle (D:4)
  A gnoll bouda (D:5)
  2 hounds (D:4)
  Terence (D:3)
  An orc priest (D:3)
  A sleepcap (D:5)
  3 orc wizards
  3 gnolls (D:5)
  6 adders
  3 dart slugs (D:4)
  4 ribbon worms (D:2)
  11 orcs
  7 endoplasms
  3 giant cockroaches
  5 goblins
  4 hobgoblins
  4 quokkas
  7 ball pythons
  A bat (D:1)
  2 frilled lizards (D:1)
  5 kobolds
  3 rats
81 creatures vanquished.

Notes
Turn   | Place    | Note
-------+----------+-------------------------------------------
     0 | D:1      | qw the Deep Elf Hunter began the quest for the Orb.
     0 | D:1      | Reached XP level 1. HP: 12/12 MP: 3/3
     0 | D:1      | 0 ||| qw: Version: 0.3-a-155-g5e7d8dd
     0 | D:1      | 0 ||| qw: Game counter: 2479
     0 | D:1      | 0 ||| qw: Melee chars always use a shield: true
     0 | D:1      | 0 ||| qw: God list: Okawaru
     0 | D:1      | 0 ||| qw: Allow faded altars: false
     0 | D:1      | 0 ||| qw: Do Orc after clearing Dungeon:15 true
     0 | D:1      | 0 ||| qw: Do second Lair branch before Depths: true
     0 | D:1      | 0 ||| qw: Lair rune preference: random
     0 | D:1      | 0 ||| qw: Goals: Normal
     0 | D:1      | 0 ||| PLANNING D:1-11
   164 | D:1      | Reached XP level 2. HP: 16/16 MP: 4/4
   165 | D:1      | Reached skill level 6 in Ranged Weapons
   517 | D:1      | 517 ||| UPGRADING to +0 pair of gloves.
   522 | D:1      | 522 ||| UPGRADING to +4 ring of slaying {mikee}.
   523 | D:1      | 523 ||| READING scroll labelled UFALUPR BITO.
   624 | D:1      | 624 ||| READING scroll labelled PIREUNG CEC WEYN.
   625 | D:1      | 625 ||| READING scroll labelled LACERIPOFURE.
   628 | D:1      | 628 ||| DROPPING scroll of butterflies.
   671 | D:2      | Found a faded altar of an unknown god.
   993 | D:2      | Reached XP level 3. HP: 20/20 MP: 5/5
  1281 | D:2      | Reached skill level 7 in Ranged Weapons
  1435 | D:2      | 1435 ||| DRINKING 2 murky red potions.
  1436 | D:2      | 1436 ||| DROPPING potion of brilliance.
  1458 | D:3      | Noticed Terence
  1470 | D:3      | HP: 4/20 [Terence/+0 falchion (8)]
  1472 | D:3      | Killed Terence
  1473 | D:3      | Reached XP level 4. HP: 6/25 MP: 6/6
  1532 | D:3      | 1532 ||| STAIRDANCE
  1752 | D:3      | Reached skill level 8 in Ranged Weapons
  1807 | D:3      | Reached XP level 5. HP: 29/29 MP: 7/7
  1821 | D:3      | Found a glowing golden altar of the Shining One.
  1924 | D:3      | 1924 ||| UPGRADING to +0 scale mail.
  1934 | D:3      | 1934 ||| DROPPING +0 leather armour.
  1935 | D:3      | 1935 ||| UPGRADING to +0 ring mail.
  1945 | D:3      | 1945 ||| DROPPING +0 scale mail.
  1946 | D:3      | 1946 ||| UPGRADING to +1 pair of gloves.
  1956 | D:3      | 1956 ||| DROPPING +0 pair of gloves.
  1957 | D:3      | 1957 ||| UPGRADING to +5 ring of evasion.
  1958 | D:3      | 1958 ||| READING 2 scrolls labelled BUH YT GIGIG.
  1958 | D:3      | 1958 ||| IDENTIFYING murky grey potion
  1959 | D:3      | 1959 ||| READING scroll of identify.
  1959 | D:3      | 1959 ||| IDENTIFYING fizzy green potion
  1960 | D:3      | 1960 ||| DROPPING potion of lignification.
  2040 | D:4      | Reached skill level 9 in Ranged Weapons
  2045 | D:4      | Identified the scarf of Action {+Inv, rC- rCorr Stlth+}
  2298 | D:4      | Found an ancient bone altar of Kikubaaqudgha.
  2299 | D:4      | Noticed an ogre
  2304 | D:4      | Killed an ogre
  2305 | D:4      | Reached XP level 6. HP: 35/35 MP: 8/8
  2368 | D:4      | Reached skill level 10 in Ranged Weapons
  2513 | D:4      | Reached skill level 3 in Dodging
  2528 | D:4      | Reached skill level 1 in Armour
  2648 | D:4      | Identified the +12 dagger of Prudence {speed, *Rage rC+
                  | rN++ Stlth+}
  2711 | D:4      | 2711 ||| READING 2 scrolls of identify.
  2711 | D:4      | 2711 ||| IDENTIFYING scroll labelled KIFRABL NEHIVI
  2712 | D:4      | 2712 ||| DROPPING scroll of immolation.
  2729 | D:5      | Entered Level 5 of the Dungeon
  2773 | D:5      | Identified the +0 ring mail of the Gusle {Rampage rPois}
  2822 | D:5      | Reached XP level 7. HP: 38/40 MP: 9/9
  2877 | D:5      | Found a staircase to the Ecumenical Temple.
  2878 | D:5      | 2878 ||| PLANNING TEMPLE
  2878 | D:5      | 2878 ||| UPGRADING to +0 ring mail of the Gusle {Rampage
                  | rPois}.
  2888 | D:5      | 2888 ||| DROPPING +0 ring mail.
  2898 | Temple   | Entered the Ecumenical Temple
  2899 | Temple   | 2899 ||| PLANNING OKAWARU WORSHIP
  2909 | Temple   | Became a worshipper of Warmaster Okawaru
  2910 | Temple   | 2910 ||| PLANNING D:1-11
  3104 | D:5      | HP: 9/40 [orc/+0 hand axe of freezing (2)]
  3105 | D:5      | 3105 ||| DRINKING 2 potions of heal wounds.
  3111 | D:5      | HP: 7/40 [orc/+3 hand axe (7)]
  3112 | D:5      | 3112 ||| DRINKING potion of heal wounds.
  3199 | D:5      | 3199 ||| RETREEEEATING.
  3204 | D:5      | 3204 ||| RETREEEEATING.
  3205 | D:5      | 3205 ||| RETREEEEATING.
  3209 | D:5      | Reached skill level 11 in Ranged Weapons
  3215 | D:5      | HP: 7/40 [gnoll/+0 whip[a gnoll bouda] (4)]
  3216 | D:5      | HP: 2/40 [gnoll/+0 club[a gnoll bouda] (3)]
  3222 | D:5      | Mangled by a gnoll

Levels and vault maps discovered:
D:1:      minmay_arrival_stone_box, layout_loops_cross
D:2:      minmay_chambers_of_ones, layout_basic,
          dreamdust_ecumenical_altar_grove, chequers_jeans
D:3:      layout_rooms, mainiacjoe_overflow_small_starburst, corner_web_ring,
          minmay_misc_feat_enclosed, uniq_terence
D:4:      layout_loops_ring, mainiacjoe_overflow_six_doors_small
D:5:      minmay_opposing_rooms, layout_basic, nicolae_elyvilon_peaceful_grove,
          minmay_temple_entry_junction_2, minivault_24, grunt_ministairs_12,
          nrook_mini_backslash, hangedman_glass_teeth
Temple:   nicolae_temple_great_sept

Skill      XL: |  1  2  3  4  5  6  7 |
---------------+----------------------+-----
Ranged Weapons | 6 7 8 9 10 11 | 11.0
Fighting       | 2 |  2.0
Dodging        | 3 |  3.0
Armour         | 1 |  1.3
Stealth        | |  1.2

Action                     |  1- 3 |  4- 6 |  7- 9 || total
---------------------------+-------+-------+-------++-------
   Fire: Shortbow          |   101 |   111 |    48 ||   260
    Use: Scroll            |     3 |     3 |       ||     6
         Potion            |     1 |       |     2 ||     3
 Armour: Leather armour    |    11 |     3 |       ||    14
         Ring mail         |       |    15 |    45 ||    60
  Dodge: Dodged            |    22 |    17 |    60 ||    99

Table legend:
 A = Non-vault XP
 B = Vault XP
 C = Vault XP percentage of total XP
 D = Non-vault monster count
 E = Vault monster count
 F = Vault count percentage of total count
                 A         B        C        D         E       F
            +---------+---------+-------+---------+---------+-------
      Total |     809 |     132 |  14.0 |      69 |      12 |  14.8
            +---------+---------+-------+---------+---------+-------
        D:1 |      27 |       0 |   0.0 |      16 |       0 |   0.0
        D:2 |      40 |       9 |  18.4 |      10 |       5 |  33.3
        D:3 |      94 |      38 |  28.8 |      11 |       1 |   8.3
        D:4 |     461 |       0 |   0.0 |      26 |       0 |   0.0
        D:5 |     187 |      85 |  31.2 |       6 |       6 |  50.0
            +---------+---------+-------+---------+---------+-------
